 Dungeon Crawl Stone Soup version 0.32-a0-422-g28b100f618 (webtiles) character file.

Game seed: 12073020998205464103

188 Alarak the Trooper (level 5, -12/51 HPs)
             Began as a Mountain Dwarf Fighter on Feb 22, 2024.
             Mangled by an ogre
             ... wielding a +0 giant spiked club
              (28 damage)
             ... on level 4 of the Dungeon.
             The game lasted 00:03:19 (1878 turns).

Alarak the Trooper (Mountain Dwarf Fighter)         Turns: 1878, Time: 00:03:20

Health: -12/51     AC:  6    Str: 21    XL:     5   Next: 39%
Magic:  5/5        EV:  9    Int:  8    God:
Gold:   78         SH:  4    Dex:  9    Spells: 4/4 levels left

rFire   . . .        a - +1 war axe (drain)
rCold   . . .        c - +0 buckler
rNeg    . . .        b - +0 scale mail
rPois   .            (no helmet)
rElec   .            (no cloak)
rCorr   .            (no gloves)
SInv    .            (no boots)
Will    .....        (no amulet) Stlth
                     (no ring)
HPRegen 0.28/turn    (no ring)
MPRegen 0.09/turn

%: no passive effects
@: no status effects
A: runic magic, artefact enchanting
a: no special abilities


You were on level 4 of the Dungeon.
You visited 1 branch of the dungeon, and saw 4 of its levels.

You collected 78 gold pieces.

Inventory:

Hand Weapons
 a - a +1 war axe of draining (weapon)
Armour
 b - a +0 scale mail (worn)
 c - a +0 buckler (worn)
Jewellery
 m - a ring of willpower
Wands
 h - a wand of charming (10)
Scrolls
 g - 2 scrolls of identify
 i - a scroll of revelation
 j - a scroll of teleportation {unknown}
Potions
 d - a potion of might
 e - a potion of heal wounds {unknown}
 f - a potion of haste {unknown}
 k - a potion of brilliance {unknown}
 l - 2 potions of enlightenment {unknown}


   Skills:
 + Level 6.8 Fighting
 - Level 2.4 Axes
 - Level 3.2 Armour
 - Level 3.2 Shields


You had 4 spell levels left.
You didn't know any spells.
Your spell library contained the following spells:

 Spells                   Type           Power      Damage    Failure   Level
 Static Discharge         Conj/Air       0%         3-3/arc   71%         2
 Frozen Ramparts          Ice            0%         1d1       90%         3
 Airstrike                Air            0%         2d(0-16)  100%        4
 Leda's Liquefaction      Alch/Erth      0%         N/A       100%        4
 Petrify                  Alch/Erth      0%         N/A       100%        4
 Metabolic Englaciation   Hex/Ice        0%         N/A       100%        5


Dungeon Overview and Level Annotations

Branches:
Dungeon (4/15)             Temple (0/1) D:4

Altars:
Ru

Annotations:
D:4 3 runed translucent doors, sanka's ghost, novice MfAl


Innate Abilities, Weirdness & Mutations

Your spellcasting is much less encumbered by armour.
You can use scrolls of enchantment on lesser artefacts.


Message History

The ogre is lightly wounded.
The ogre hits you with a +0 giant spiked club!!
You slash the ogre!
The ogre is severely wounded.
The ogre hits you with a +0 giant spiked club!!
* * * LOW HITPOINT WARNING * * *
You are too injured to fight recklessly!
You are too injured to fight recklessly!
You are too injured to fight recklessly!
You are too injured to fight recklessly!
You are too injured to fight recklessly!
You are too injured to fight recklessly!
You are too injured to fight recklessly!
You are too injured to fight recklessly!
You are too injured to fight recklessly!
You are too injured to fight recklessly!
You are too injured to fight recklessly!
The ogre barely misses you. The ogre attacks as it pursues you!
You block the ogre's attack.
The ogre seems less drained.
Okay, then.
There is an open door here.
An ogre is nearby!
There is an open door here.
There is an open door here.
An ogre is nearby!
The ogre attacks as it pursues you! The ogre barely misses you.
The ogre attacks as it pursues you!
The ogre hits you with a +0 giant spiked club!!
* * * LOW HITPOINT WARNING * * *
As you read the scroll labelled TUNAONANAF, it crumbles to dust.
You hear a loud clanging noise!
It was a scroll of noise.
The ogre attacks as it pursues you! The ogre barely misses you.
There is an open door here.
There is an open door here.
The ogre attacks as it pursues you!
The ogre hits you with a +0 giant spiked club!!
Ouch! That really hurt!
You die...

.###+++###.........#...........#
...................#...........#
...................#...........#
.......#...........#...........#
.......#########'###...........##
######........##...#######.......
.....#........#.....# #.......
.....#........+.....# #.......
.....#........#.@...# #.......
.....#........#.O..#######.......
..##.#........###'##............#
..##.###......#....#............#
.......#......#....#...........##
.......# #....'......######
.......+ #....#......# .......#
... #....#......# .###'###....
#....#......#


You could see an ogre.

Vanquished Creatures
  A scorpion (D:4)
  A hound (D:4)
  A gnoll (D:1)
  4 adders
  A dart slug (D:2)
  A ribbon worm (D:2)
  An orc (D:3)
  3 ball pythons (D:3)
  5 endoplasms
  A giant cockroach (D:4)
  A goblin (D:2)
  4 hobgoblins
  A jackal (D:4)
  A bat (D:3)
  A kobold (D:2)
27 creatures vanquished.

Notes
Turn   | Place    | Note
-------+----------+-------------------------------------------
     0 | D:1      | Alarak the Mountain Dwarf Fighter began the quest for the
                  | Orb.
     0 | D:1      | Reached XP level 1. HP: 19/19 MP: 1/1
    36 | D:1      | Reached skill level 4 in Fighting
    36 | D:1      | Reached XP level 2. HP: 13/27 MP: 2/2
   114 | D:1      | You fall into a shaft and drop 1 floor!
   143 | D:2      | Reached XP level 3. HP: 25/34 MP: 3/3
   390 | D:2      | Reached skill level 5 in Fighting
   724 | D:3      | Reached XP level 4. HP: 42/42 MP: 4/4
   742 | D:3      | Got Giomu's Compendium of Iced Clouds
   765 | D:3      | Found a sacrificial altar of Ru.
  1401 | D:4      | Found a runed translucent gate.
  1538 | D:4      | Reached skill level 6 in Fighting
  1618 | D:4      | Found a runed translucent gate.
  1618 | D:4      | Found a runed translucent gate.
  1618 | D:4      | Noticed sanka's ghost (novice MfAl)
  1683 | D:4      | Found a staircase to the Ecumenical Temple.
  1719 | D:4      | Noticed a scorpion
  1723 | D:4      | Killed a scorpion
  1724 | D:4      | Reached XP level 5. HP: 51/51 MP: 5/5
  1797 | D:4      | Noticed an ogre
  1878 | D:4      | Mangled by an ogre

Illustrated notes

Levels and vault maps discovered:
D:1:      minmay_arrival_jagged, layout_rooms, minmay_domino_4
D:2:      layout_basic, grunt_ministairs_11, minmay_box_of_dots
D:3:      cheibrodos_helix_gallery, layout_basic,
          mainiacjoe_overflow_surrounded_room, nicolae_hexahallways
D:4:      layout_gridville, minmay_temple_entry_antechambers,
          ebering_ghost_rock_garden, skrybe_limestone_x

Skill      XL: |  1  2  3  4 |
---------------+-------------+-----
Fighting       | 4 5 6 |  6.8
Axes           | |  2.4
Armour         | |  3.2
Shields        | |  3.2

Action                     |  1- 3 |  4- 6 || total
---------------------------+-------+-------++-------
  Melee: War axe           |    49 |    48 ||    97
    Use: Scroll            |       |     5 ||     5
 Armour: Scale mail        |    27 |    45 ||    72
  Dodge: Dodged            |    24 |    36 ||    60
  Block: Buckler           |     6 |     8 ||    14

Table legend: (Time is in decaauts)
 A = Elapsed time spent in this place.
 B = Non-inter-level travel time spent in this place.
 C = Inter-level travel time spent in this place.
 D = Time resting spent in this place.
 E = Time spent auto-exploring this place.
 F = Levels seen in this place.
 G = Mean time per level.
                   A        B        C        D        E       F      G
               +--------+--------+--------+--------+--------+-----+--------+
         Total |   1917 |   1856 |     61 |    147 |   1381 |   4 |  479.2 |
       Dungeon |   1917 |   1856 |     61 |    147 |   1381 |   4 |  479.2 |
               +--------+--------+--------+--------+--------+-----+--------+

Top non-repeatable levels by time:
     D:3: 892 daAuts
     D:4: 542 daAuts
     D:2: 365 daAuts
     D:1: 117 daAuts
